Map: Acropolis LE

Players

llllllllllll (Stats)

  • Race: Protoss Protoss
  • League: Grandmaster
  • Spawn Location: 5:00

TYTY (TY) - Winner!

  • Race: Terran Terran
  • League: Master
  • Spawn Location: 11:00

Event: HomeStory Cup XIX

VOD

Have the link to the VOD?

Description

Time

  • Played on: June 30, 2019, 7:28 a.m.
  • Length: 5:41

All games in this series

Show
View Real Time Build Order
Export as new Build Order

llllllllllll Protoss 

Build Orders: Dark Templar Rush 

Get SALT Encoding   

  12  0:00  Probe  
  13  0:13  Probe  
  14  0:20  Pylon  
  14  0:25  Probe  
  15  0:34  Probe  
  15  0:41  Gateway  
  15  0:42  Probe  
  16  0:47  Assimilator  
  17  0:52  Probe  
  17  0:56  Assimilator  
  18  1:04  Probe  
  19  1:16  Probe  
  20  1:28  Cybernetics Core  
  20  1:29  Probe  
  21  1:33  Pylon  
  21  1:41  Probe  
  22  1:53  Probe  
  23  1:56  Adept  
  23  2:04  Twilight Council  
  23  2:06  Warp Gate  
  23  2:07  Probe  
  26  2:22  Nexus  
  26  2:31  Robotics Facility  
  26  2:34  Probe  
  27  2:44  Dark Shrine  
  27  2:54  Gateway  
  27  2:57  Probe  
  28  3:09  Warp Prism  
  28  3:11  Probe  
  31  3:24  Pylon  
  31  3:33  Probe  
  32  3:34  Probe  
  32  3:41  Probe  
  33  3:42  Probe  
  33  3:45  Warp Prism  
  37  3:49  Probe  
  37  3:50  Probe  
  39  4:03  Probe x2  
  39  4:04  Dark Templar x2  
  41  4:17  Gateway  
  33  4:29  Gateway  
  29  4:37  Dark Templar  
  23  4:42  Dark Templar  
  22  4:47  Probe x2  
  18  4:59  Probe  
  14  5:09  Probe  
  14  5:11  Probe  
  16  5:21  Probe  
  16  5:25  Probe  
Show
View Real Time Build Order
Export as new Build Order

TYTY Terran - Winner!

Build Orders: Gas First Reaper Expand 

Get SALT Encoding   

  12  0:00  SCV  
  13  0:12  SCV  
  14  0:17  Supply Depot  
  14  0:24  SCV  
  15  0:29  Refinery  
  15  0:38  SCV  
  16  0:43  Barracks  
  16  0:50  SCV  
  17  1:02  SCV  
  18  1:15  SCV  
  19  1:30  Orbital Command, Reaper  
  20  1:41  Command Center  
  20  1:52  Factory  
  20  1:56  SCV  
  21  2:03  Supply Depot  
  21  2:06  Barracks Reactor  
  21  2:09  SCV  
  22  2:16  Refinery  
  22  2:21  SCV  
  23  2:33  SCV  
  24  2:42  Hellion  
  24  2:43  Marine x2  
  28  2:44  Starport  
  28  2:45  SCV  
  29  2:56  Orbital Command  
  29  2:57  SCV  
  30  3:09  SCV  
  30  3:12  Hellion x2  
  35  3:18  Marine  
  35  3:21  SCV  
  35  3:23  Medivac  
  38  3:28  SCV  
  38  3:34  SCV  
  40  3:41  SCV  
  40  3:44  Factory Tech Lab, Marine x2  
  40  3:46  SCV, Supply Depot  
  43  3:53  Starport Tech Lab, SCV  
  44  3:58  SCV  
  44  4:02  Marine  
  46  4:07  Marine  
  46  4:08  SCV, Cyclone  
  51  4:10  SCV  
  51  4:11  Supply Depot  
  51  4:16  Raven  
  48  4:20  Marine  
  44  4:25  Marine  
  43  4:33  Engineering Bay  
  43  4:38  Marine  
  42  4:43  SCV  
  43  4:50  SCV  
  44  4:55  SCV  
  44  4:59  Marine x2  
  45  5:08  SCV  
  44  5:17  Marine, SCV  
  41  5:21  SCV  
Tags
 
Add a new tag
Caveats
  • Supply blocks, unpowered buildings, or Contaminate may cause inaccurate times.
  • Supply counts are checked every 10 seconds.